AoeStats
← Dustin

Arena

505656670Analyzed
1v1 RM · 23d ago on Sep 10, 2026· 41m 22s· 2 players
Game mode
Random Map
Map size
Tiny (2 player)
Population
200
Speed
Normal
Resources
Standard
Victory
Conquest
Starting age
Dark Age
Ending age
Imperial Age
RankedLock teamsTeams togetherTeam positionsShared explorationLock speedFull tech treeHidden civsTurbo modeCheats
Victory
Defeat
🇺🇸 Bohemians · United States
1676
+14
🇩🇪 Byzantines · Germany
1639
-14
Dustin
10:08 Feudal Age
14:25 Castle Age
12:17 Double-Bit Axe
13:06 Horse Collar
16:23 Loom
22:03 Wheelbarrow
23:48 Redemption
24:34 Bow Saw
25:57 Hand Cart
26:05 Sanctity
35:05 Imperial Age
36:57 Chemistry
39:56 Two-Man Saw
Juan Whick
9:55 Feudal Age
13:35 Castle Age
12:09 Loom
12:30 Double-Bit Axe
24:55 Fletching
30:13 Bodkin Arrow
37:47 Redemption
40:05 Sanctity
43:02 Imperial Age
Connection lost

Rejoining the realm…

Still unreachable

The connection could not be restored.

Session expired

The server has moved on; the page needs a fresh start.